| TOP OF THE 1ST |
|
Utica Blue Jays batting - Pitching for Oneonta Indians : LHP Alonso Prantera
|
|
Pitching: LHP Alonso Prantera
|
|
|
Batting: RHB Ed Allen
|
0-0: Called Strike 0-1: Called Strike 0-2: Ball 1-2: Foul Ball, location: 2F 1-2: DOUBLE (Line Drive, 7LM, EV 93.8 MPH)
|
|
Batting: RHB Jose Gonzalez
|
0-0: Swinging Strike 0-1: Called Strike 0-2: Ball 1-2: Strikes out swinging
|
|
Batting: LHB Tom Reynolds
|
0-0: Ball 1-0: Foul Ball, location: 2F 1-1: Swinging Strike 1-2: SINGLE (Groundball, 6MD, EV 101.9 MPH) Ed Allen to third Runner from 3rd tries for Home, SAFE, throw by CF to home
|
|
Batting: LHB Jose Gomez
|
0-0: Ball 1-0: Called Strike 1-1: Swinging Strike 1-2: Ball 2-2: Ball 3-2: Foul Ball, location: 2F 3-2: Foul Ball, location: 2F 3-2: SINGLE (Groundball, 6M, EV 94.4 MPH) Tom Reynolds to second Tom Reynolds to third
|
|
Batting: RHB Ricky Jordan
|
0-0: Ball 1-0: Ball 2-0: Fly out, F8 (Flyball, 78XD, EV 80.0 MPH) Runner from 3rd tags up, SCORES, no throw by CF
|
|
Batting: SHB Manuel Lee
|
0-0: Fly out, F9 (Flyball, 89M, EV 93.1 MPH)
|
| Top of the 1st over - 2 runs, 3 hits, 0 errors, 1 left on base; Utica 2 - Oneonta 0 |
| BOTTOM OF THE 1ST |
|
Oneonta Indians batting - Pitching for Utica Blue Jays : RHP Ken Dressier
|
|
Pitching: RHP Ken Dressier
|
|
|
Batting: RHB Mitchell Olson
|
0-0: Called Strike 0-1: Ball 1-1: Swinging Strike 1-2: Reached on error, E8 (Flyball, 78D, EV 85.6 MPH)
|
|
Batting: RHB William Luzinski
|
0-0: Foul Ball, location: 2F 0-1: Ball 1-1: Ball 2-1: Ball 3-1: Foul Ball, location: 2F 3-2: Foul Ball, location: 2F 3-2: Foul Ball, location: 2F 3-2: Base on Balls
|
|
Batting: LHB Frank Martinez
|
0-0: Fly out, F3 (Popup, 3SF, EV 69.4 MPH)
|
|
Batting: RHB Richard James
|
0-0: Ball 1-0: Called Strike 1-1: Ball 2-1: Foul Ball, location: 2F 2-2: Fly out, F9 (Flyball, 89S, EV 83.8 MPH)
|
|
Batting: RHB Marcos Rodriguez
|
0-0: Foul Ball, location: 2F 0-1: Ball 1-1: Ball 2-1: SINGLE (Line Drive, 34, EV 94.4 MPH) Mitchell Olson to third William Luzinski to second Runner from 3rd tries for Home, SAFE, throw by RF to home
|
|
Batting: SHB Elvin Fulgencio
|
0-0: Ball 1-0: Swinging Strike 1-1: Ball 2-1: Ball 3-1: Foul Ball, location: 2F 3-2: Ground out 4-3 (Groundball, 4MD, EV 86.9 MPH)
|
| Bottom of the 1st over - 1 run, 1 hit, 1 error, 2 left on base; Utica 2 - Oneonta 1 |
| TOP OF THE 2ND |
|
Utica Blue Jays batting - Pitching for Oneonta Indians : LHP Alonso Prantera
|
|
Batting: RHB Eddie Santiago
|
0-0: Called Strike 0-1: Ball 1-1: Ball 2-1: Called Strike 2-2: Ball 3-2: Base on Balls
|
|
Batting: SHB Steve Roadcap
|
0-0: Called Strike 0-1: Ball 1-1: Ball 2-1: Foul Ball, location: 2F 2-2: Strikes out swinging
|
|
Batting: RHB Gustavo Hernandez
|
0-0: Fielders Choice at 2nd, 4-6 (Groundball, 4, EV 89.4 MPH)
|
|
Batting: RHB Ed Allen
|
0-0: Swinging Strike 0-1: Foul Ball, location: 2F 0-2: Foul Ball, location: 2F 0-2: Ball 1-2: Strikes out looking
|
| Top of the 2nd over - 0 runs, 0 hits, 0 errors, 1 left on base; Utica 2 - Oneonta 1 |
| BOTTOM OF THE 2ND |
|
Oneonta Indians batting - Pitching for Utica Blue Jays : RHP Ken Dressier
|
|
Batting: LHB Chris Forgione
|
0-0: Ball 1-0: Called Strike 1-1: Ground out 4-3 (Groundball, 4D, EV 95.0 MPH)
|
|
Batting: LHB Gary Venner
|
0-0: Ball 1-0: SOLO HOME RUN (Flyball, 9LD, EV 114.4 MPH), Distance : 366 ft
|
|
Batting: RHB Alberto Zappala
|
0-0: SINGLE (Flyball, 3D, EV 93.1 MPH)
|
|
Batting: RHB Mitchell Olson
|
0-0: Called Strike 0-1: Fielders Choice at 2nd, 4-6 (Groundball, 4, EV 80.6 MPH)
|
|
Batting: RHB William Luzinski
|
0-0: Ball Mitchell Olson is caught stealing 2nd base 2-4
|
| Bottom of the 2nd over - 1 run, 2 hits, 0 errors, 0 left on base; Utica 2 - Oneonta 2 |
| TOP OF THE 3RD |
|
Utica Blue Jays batting - Pitching for Oneonta Indians : LHP Alonso Prantera
|
|
Batting: RHB Jose Gonzalez
|
0-0: Ball 1-0: Ball 2-0: Ball 3-0: Base on Balls
|
|
Batting: LHB Tom Reynolds
|
0-0: Called Strike 0-1: Called Strike 0-2: Ball 1-2: Foul Ball, location: 2F 1-2: Ball 2-2: Strikes out swinging
|
|
Batting: LHB Jose Gomez
|
0-0: Ball 1-0: Foul Ball, location: 2F 1-1: Fielders Choice at 2nd, 4-6 (Groundball, 34, EV 90.6 MPH)
|
|
Batting: RHB Ricky Jordan
|
0-0: Ball 1-0: Called Strike 1-1: Foul Ball, location: 2F 1-2: Strikes out swinging
|
| Top of the 3rd over - 0 runs, 0 hits, 0 errors, 1 left on base; Utica 2 - Oneonta 2 |
| BOTTOM OF THE 3RD |
|
Oneonta Indians batting - Pitching for Utica Blue Jays : RHP Ken Dressier
|
|
Batting: RHB William Luzinski
|
0-0: Ball 1-0: Fly out, F8 (Flyball, 8LM, EV 94.4 MPH)
|
|
Batting: LHB Frank Martinez
|
0-0: Called Strike 0-1: Swinging Strike 0-2: Ground out U3 (Groundball, 3, EV 76.9 MPH)
|
|
Batting: RHB Richard James
|
0-0: DOUBLE (Flyball, 9LD, EV 110.6 MPH)
|
|
Batting: RHB Marcos Rodriguez
|
0-0: Ball 1-0: Called Strike 1-1: Ball 2-1: Swinging Strike 2-2: Ball 3-2: Strikes out swinging
|
| Bottom of the 3rd over - 0 runs, 1 hit, 0 errors, 1 left on base; Utica 2 - Oneonta 2 |
| TOP OF THE 4TH |
|
Utica Blue Jays batting - Pitching for Oneonta Indians : LHP Alonso Prantera
|
|
Batting: SHB Manuel Lee
|
0-0: Called Strike 0-1: Ground out 4-3 (Groundball, 4, EV 86.3 MPH)
|
|
Batting: RHB Eddie Santiago
|
0-0: Fly out, F5 (Popup, 5SF, EV 73.8 MPH)
|
|
Batting: SHB Steve Roadcap
|
0-0: Called Strike 0-1: Ball 1-1: Ball 2-1: Called Strike 2-2: Ball 3-2: Foul Ball, location: 2F 3-2: Base on Balls
|
|
Batting: RHB Gustavo Hernandez
|
0-0: Ball 1-0: Ground out 4-3 (Groundball, 4, EV 82.5 MPH)
|
| Top of the 4th over - 0 runs, 0 hits, 0 errors, 1 left on base; Utica 2 - Oneonta 2 |
| BOTTOM OF THE 4TH |
|
Oneonta Indians batting - Pitching for Utica Blue Jays : RHP Ken Dressier
|
|
Batting: SHB Elvin Fulgencio
|
0-0: Called Strike 0-1: Ball 1-1: DOUBLE (Line Drive, 9LD, EV 103.8 MPH)
|
|
Batting: LHB Chris Forgione
|
0-0: Ball 1-0: Called Strike 1-1: SINGLE (Groundball, 34D, EV 94.4 MPH) Elvin Fulgencio to third Runner from 3rd tries for Home, SAFE, throw by RF to home
|
|
Batting: LHB Gary Venner
|
0-0: Fly out, F8 (Flyball, 8LS, EV 87.5 MPH)
|
|
Batting: RHB Alberto Zappala
|
0-0: Swinging Strike Chris Forgione steals 2nd base 0-1: SINGLE (Line Drive, 6D, EV 100.0 MPH) Chris Forgione to third Runner from 3rd tries for Home, SAFE, throw by LF to home
|
|
Batting: RHB Mitchell Olson
|
0-0: Called Strike 0-1: Foul Ball, location: 2F 0-2: Foul Ball, location: 2F 0-2: Ball 1-2: Ball 2-2: Strikes out swinging
|
|
Batting: RHB William Luzinski
|
0-0: Called Strike 0-1: Swinging Strike 0-2: Ball 1-2: Ball 2-2: Ball 3-2: Fly out, F5 (Popup, 56S, EV 75.6 MPH)
|
| Bottom of the 4th over - 2 runs, 3 hits, 0 errors, 1 left on base; Utica 2 - Oneonta 4 |
| TOP OF THE 5TH |
|
Utica Blue Jays batting - Pitching for Oneonta Indians : LHP Alonso Prantera
|
|
Batting: RHB Ed Allen
|
0-0: Ground out 5-3 (Groundball, 6S, EV 69.4 MPH)
|
|
Batting: RHB Jose Gonzalez
|
0-0: SINGLE (Flyball, 8LS, EV 82.5 MPH)
|
|
Batting: LHB Tom Reynolds
|
0-0: Ball 1-0: Ball Jose Gonzalez steals 2nd base (no throw) 2-0: Ball 3-0: Called Strike 3-1: Ground out 4-3 (Groundball, 34D, EV 85.0 MPH) Jose Gonzalez to third
|
|
Batting: LHB Jose Gomez
|
0-0: Foul Ball, location: 2F 0-1: Ball 1-1: Ball 2-1: Ball 3-1: Fly out, F5 (Line Drive, 5, EV 71.3 MPH)
|
| Top of the 5th over - 0 runs, 1 hit, 0 errors, 1 left on base; Utica 2 - Oneonta 4 |
| BOTTOM OF THE 5TH |
|
Oneonta Indians batting - Pitching for Utica Blue Jays : RHP Ken Dressier
|
|
Batting: LHB Frank Martinez
|
0-0: Ball 1-0: Ground out 6-3 (Groundball, 6, EV 90.6 MPH)
|
|
Batting: RHB Richard James
|
0-0: Foul Ball, location: 2F 0-1: Ground out 6-3 (Groundball, 6MS, EV 81.9 MPH)
|
|
Batting: RHB Marcos Rodriguez
|
0-0: Called Strike 0-1: Swinging Strike 0-2: Strikes out swinging
|
| Bottom of the 5th over - 0 runs, 0 hits, 0 errors, 0 left on base; Utica 2 - Oneonta 4 |
| TOP OF THE 6TH |
|
Utica Blue Jays batting - Pitching for Oneonta Indians : LHP Alonso Prantera
|
|
Batting: RHB Ricky Jordan
|
0-0: Ball 1-0: Called Strike 1-1: Called Strike 1-2: Foul Ball, location: 2F 1-2: Fly out, F6 (Flyball, 6D, EV 69.4 MPH)
|
|
Batting: SHB Manuel Lee
|
0-0: Fly out, F8 (Line Drive, 8LD, EV 101.3 MPH)
|
|
Batting: RHB Eddie Santiago
|
0-0: Called Strike 0-1: Ground out 5-3 (Groundball, 56, EV 83.1 MPH)
|
| Top of the 6th over - 0 runs, 0 hits, 0 errors, 0 left on base; Utica 2 - Oneonta 4 |
| BOTTOM OF THE 6TH |
|
Oneonta Indians batting - Pitching for Utica Blue Jays : RHP Ken Dressier
|
|
Batting: SHB Elvin Fulgencio
|
0-0: Ball 1-0: Swinging Strike 1-1: Fly out, F8 (Line Drive, 8RM, EV 95.6 MPH)
|
|
Batting: LHB Chris Forgione
|
0-0: Ball 1-0: Fly out, F8 (Flyball, 8RD, EV 103.1 MPH)
|
|
Batting: LHB Gary Venner
|
0-0: Called Strike 0-1: SINGLE (Line Drive, 7S, EV 101.3 MPH)
|
|
Batting: RHB Alberto Zappala
|
0-0: Called Strike 0-1: Ball 1-1: Ball 2-1: Foul Ball, location: 2F 2-2: Ball 3-2: Fly out, F8 (Flyball, 8RD, EV 97.5 MPH)
|
| Bottom of the 6th over - 0 runs, 1 hit, 0 errors, 1 left on base; Utica 2 - Oneonta 4 |
| TOP OF THE 7TH |
|
Utica Blue Jays batting - Pitching for Oneonta Indians : LHP Alonso Prantera
|
|
Batting: SHB Steve Roadcap
|
0-0: Swinging Strike 0-1: Foul Ball, location: 2F 0-2: Reached on error, E5 (Groundball, 56, EV 101.9 MPH)
|
|
Batting: RHB Gustavo Hernandez
|
0-0: Bunted foul 0-1: Sac Bunt to 2R - play at first, batter OUT! 2-4 Steve Roadcap to second
|
|
Batting: RHB Ed Allen
|
0-0: Ball 1-0: Ball 2-0: Ball 3-0: Called Strike 3-1: Base on Balls
|
|
Batting: RHB Jose Gonzalez
|
0-0: Ball 1-0: Called Strike 1-1: Fly out, F9 (Flyball, 9LD, EV 80.6 MPH) Runner from 2nd tags up, SAFE at 3rd, no throw by RF
|
|
Batting: SHB Sap Randall
|
0-0: Ball 1-0: Fly out, F4 (Popup, 3L, EV 63.1 MPH)
|
| Top of the 7th over - 0 runs, 0 hits, 1 error, 2 left on base; Utica 2 - Oneonta 4 |
| BOTTOM OF THE 7TH |
|
Oneonta Indians batting - Pitching for Utica Blue Jays : RHP Ken Dressier
|
|
Batting: RHB Mitchell Olson
|
0-0: Ball 1-0: Foul Ball, location: 2F 1-1: Ball 2-1: Ball 3-1: Fly out, F7 (Flyball, 78S, EV 95.0 MPH)
|
|
Batting: RHB William Luzinski
|
0-0: Foul Ball, location: 2F 0-1: Ball 1-1: Swinging Strike 1-2: SINGLE (Groundball, 6MD, EV 100.6 MPH)
|
|
Batting: LHB Frank Martinez
|
0-0: Called Strike 0-1: Foul Ball, location: 2F 0-2: Strikes out swinging
|
|
Batting: RHB Richard James
|
0-0: Foul Ball, location: 2F 0-1: Swinging Strike 0-2: Ground out U3 (Groundball, 3S, EV 70.6 MPH)
|
| Bottom of the 7th over - 0 runs, 1 hit, 0 errors, 1 left on base; Utica 2 - Oneonta 4 |
| TOP OF THE 8TH |
|
Utica Blue Jays batting - Pitching for Oneonta Indians : LHP Alonso Prantera
|
|
Batting: LHB Jose Gomez
|
0-0: Ball 1-0: Ground out 4-3 (Groundball, 4, EV 89.4 MPH)
|
|
Batting: RHB Ricky Jordan
|
0-0: Called Strike 0-1: Foul Ball, location: 2F 0-2: Ball 1-2: Fly out, F7 (Flyball, 78S, EV 90.0 MPH)
|
|
Batting: SHB Manuel Lee
|
0-0: Ball 1-0: Ball 2-0: Ball 3-0: Called Strike 3-1: Foul Ball, location: 2F 3-2: Reached on error, E5 (Groundball, 5, EV 87.5 MPH)
|
|
Pitching: LHP Mike Dalton
|
|
|
Batting: RHB Eddie Santiago
|
0-0: Called Strike 0-1: SINGLE (Flyball, 6D, EV 89.4 MPH) Manuel Lee to third Runner from 3rd tries for Home, SAFE, throw by CF to home
|
|
Pinch Runner at 1st Delwyn Young:
|
|
|
Batting: SHB Steve Roadcap
|
0-0: Ball 1-0: Called Strike 1-1: Called Strike 1-2: Ball 2-2: Foul Ball, location: 2F 2-2: Strikes out looking
|
| Top of the 8th over - 1 run, 1 hit, 1 error, 1 left on base; Utica 3 - Oneonta 4 |
| BOTTOM OF THE 8TH |
|
Oneonta Indians batting - Pitching for Utica Blue Jays : RHP Ken Dressier
|
|
Now at 3B: Kevin Bates
|
|
|
Batting: RHB Marcos Rodriguez
|
0-0: Ball 1-0: Swinging Strike 1-1: Ball 2-1: Foul Ball, location: 2F 2-2: Reached via error on a dropped throw from 3B, E3 (Groundball, 5, EV 75.6 MPH)
|
|
Batting: SHB Elvin Fulgencio
|
Pickoff Throw to First - Error! E1 Marcos Rodriguez to second 0-0: Ball 1-0: Ball 2-0: Called Strike 2-1: Fly out, F9 (Flyball, 9, EV 89.4 MPH)
|
|
Batting: LHB Chris Forgione
|
0-0: Ball 1-0: SINGLE (Groundball, 5D, EV 106.3 MPH) Marcos Rodriguez to third Runner from 3rd tries for Home, SAFE, throw by LF to home Chris Forgione to second
|
|
Batting: LHB Gary Venner
|
0-0: Intentional Walk
|
|
Batting: RHB Alberto Zappala
|
0-0: Ball 1-0: Ball 2-0: Grounds into double play, 6-4-3 (Groundball, 6, EV 77.5 MPH)
|
| Bottom of the 8th over - 1 run, 1 hit, 2 errors, 1 left on base; Utica 3 - Oneonta 5 |
| TOP OF THE 9TH |
|
Utica Blue Jays batting - Pitching for Oneonta Indians : LHP Mike Dalton
|
|
Batting: RHB Gustavo Hernandez
|
0-0: Called Strike 0-1: Called Strike 0-2: Ball 1-2: Foul Ball, location: 2F 1-2: Ball 2-2: SINGLE (Groundball, 56S, EV 70.6 MPH) (infield hit)
|
|
Batting: RHB Ed Allen
|
0-0: Ball 1-0: Called Strike 1-1: Called Strike 1-2: Ball 2-2: Strikes out swinging
|
|
Batting: RHB Jose Gonzalez
|
0-0: Called Strike 0-1: Swinging Strike 0-2: Ball 1-2: Strikes out swinging
|
|
Batting: SHB Sap Randall
|
0-0: Ball 1-0: Called Strike 1-1: Ball 2-1: Foul Ball, location: 2F 2-2: Foul Ball, location: 2F 2-2: Foul Ball, location: 2F 2-2: DOUBLE (Flyball, 8RXD, EV 96.9 MPH) Gustavo Hernandez to third
|
|
Pinch Hitting: RHB James McGilvray
|
0-0: Called Strike 0-1: Called Strike 0-2: Strikes out looking
|
| Top of the 9th over - 0 runs, 2 hits, 0 errors, 2 left on base; Utica 3 - Oneonta 5 |
|